Map: Lightshade LE

Players

HeroMarine

  • Race: Terran Terran
  • League: Grandmaster
  • Spawn Location: 11:00

Serral - Winner!

  • Race: Zerg Zerg
  • League: Grandmaster
  • Spawn Location: 5:00

Event: DreamHack SC2 Masters 2020 Winter

VOD

Have the link to the VOD?

Description

Time

  • Played on: Nov. 3, 2020, 11:55 a.m.
  • Length: 8:51

All games in this series

Show
View Real Time Build Order
Export as new Build Order

HeroMarine Terran 

Build Orders: Liberator Opening, Reaper Expand 

Get SALT Encoding   

  12  0:00  SCV  
  13  0:12  SCV  
  14  0:17  Supply Depot  
  14  0:24  SCV  
  15  0:39  SCV  
  15  0:40  Barracks  
  16  0:43  Refinery  
  16  0:51  SCV  
  17  1:03  SCV  
  18  1:15  SCV  
  19  1:27  Reaper, Orbital Command  
  20  1:40  Command Center  
  20  1:48  Supply Depot  
  20  1:53  SCV  
  21  1:59  Marine  
  22  2:05  SCV  
  23  2:12  Factory  
  23  2:17  SCV  
  23  2:20  Barracks Reactor  
  24  2:29  SCV  
  25  2:40  Command Center  
  25  2:41  SCV  
  26  2:53  SCV, Orbital Command  
  26  2:58  Starport  
  27  3:07  SCV  
  27  3:12  Hellion, Refinery  
  30  3:14  Hellion  
  30  3:18  SCV  
  30  3:19  SCV  
  34  3:28  Barracks Tech Lab  
  34  3:30  SCV  
  34  3:31  SCV  
  34  3:33  Hellion  
  38  3:36  Hellion  
  38  3:38  Viking  
  42  3:42  SCV  
  42  3:43  SCV  
  44  3:52  Orbital Command  
  44  3:55  SCV x2  
  46  4:00  Hellion  
  46  4:02  Hellion  
  50  4:07  SCV x2  
  50  4:08  Liberator  
  55  4:10  Marine  
  55  4:13  Supply Depot  
  56  4:19  SCV x2  
  56  4:20  SCV  
  56  4:21  Stimpack  
  56  4:22  Supply Depot  
  59  4:31  SCV x2  
  60  4:32  Barracks  
  60  4:34  Barracks, Factory Tech Lab  
  60  4:36  SCV  
  60  4:38  Marine  
  63  4:44  SCV x2  
  65  4:45  Refinery  
  65  4:46  Refinery  
  65  4:48  SCV  
  65  4:50  Engineering Bay  
  66  4:54  Supply Depot, Starport Reactor  
  66  4:56  SCV  
  66  4:57  Marine  
  66  4:58  SCV  
  69  5:00  SCV  
  69  5:02  Siege Tank  
  73  5:08  SCV  
  73  5:11  SCV  
  73  5:12  SCV  
  76  5:15  Marine  
  76  5:19  Supply Depot, Engineering Bay  
  76  5:20  SCV  
  78  5:23  SCV, Marine x2  
  78  5:25  Terran Infantry Weapons Level 1  
  78  5:26  Orbital Command  
  79  5:32  Barracks  
  79  5:35  SCV x2  
  81  5:36  Barracks  
  81  5:37  Starport Reactor  
  81  5:41  Marine x2  
  82  5:43  Marine  
  82  5:46  Marine  
  82  5:47  SCV x2, Siege Tank  
  82  5:48  Terran Infantry Armor Level 1  
  87  5:54  SCV  
  88  5:59  SCV, Marine  
  88  6:00  SCV  
  88  6:03  Supply Depot  
  90  6:04  Supply Depot  
  90  6:06  Supply Depot  
  90  6:08  SCV  
  90  6:09  Combat Shield, Supply Depot  
  91  6:11  SCV  
  91  6:16  SCV, Refinery  
  93  6:18  Marine  
  93  6:19  Marine  
  93  6:20  SCV, Medivac x2  
  93  6:22  Barracks Reactor  
  93  6:23  Barracks Reactor, SCV  
  101  6:26  Marine  
  101  6:27  Marine  
  101  6:28  SCV  
  101  6:29  Marine  
  101  6:30  Supply Depot  
  101  6:32  SCV  
  106  6:33  Armory  
  106  6:36  Marine x2  
  106  6:38  Siege Tank  
  111  6:44  Marine  
  111  6:45  Marine  
  116  6:47  Marine  
  116  6:53  Supply Depot x2  
  114  6:54  Medivac x2, Marine x2  
  114  6:59  Marine  
  114  7:00  Marine  
  122  7:01  Marine x2  
  122  7:02  Marine  
  122  7:03  Marine  
  122  7:05  Marine  
  127  7:08  SCV x2  
  127  7:09  SCV  
  127  7:12  Marine x2  
  132  7:17  Marine x2  
  132  7:18  Siege Tank  
  132  7:19  Marine x2  
  132  7:20  SCV, Marine x2  
  132  7:22  SCV  
  140  7:23  Marine  
  140  7:26  SCV  
  115  7:30  Marine x2  
  115  7:35  Marine x2  
  115  7:37  Marine  
  115  7:38  Marine  
  115  7:39  Marine x2  
  115  7:40  Marine  
  115  7:43  SCV x3  
  123  7:47  Medivac, Marine  
  123  7:48  Marine  
  123  7:49  Medivac  
  129  7:53  Marine x2  
  129  7:54  Marine, Siege Tank  
  129  7:55  SCV  
  129  7:56  Marine x2  
  129  7:57  Marine  
  139  7:59  Marine  
  139  8:05  Marine x2  
  140  8:11  Marine x2  
  140  8:12  SCV x3, Marine  
  138  8:14  Marine x2  
  138  8:15  Marine  
  138  8:17  Marine  
  120  8:23  Marine x2  
  109  8:28  Marine  
  109  8:29  Marine  
  109  8:30  Marine  
  109  8:32  Marine x3  
Show
View Real Time Build Order
Export as new Build Order

Serral Zerg - Winner!

Build Orders: Hatch First 

Get SALT Encoding   

  12  0:00  Drone  
  13  0:12  Overlord  
  13  0:16  Drone  
  14  0:30  Drone x2  
  16  0:47  Hatchery  
  15  0:50  Drone  
  15  0:54  Drone  
  17  0:57  Drone  
  18  1:08  Extractor  
  17  1:12  Spawning Pool  
  17  1:15  Drone  
  17  1:19  Drone  
  18  1:27  Drone  
  19  1:38  Drone  
  20  1:49  Drone  
  21  1:59  Queen x2  
  21  2:00  Zergling x4  
  27  2:10  Overlord  
  27  2:11  Drone  
  27  2:13  Metabolic Boost  
  28  2:29  Hatchery  
  27  2:31  Drone  
  27  2:37  Drone  
  27  2:38  Drone  
  27  2:40  Drone  
  30  2:47  Queen  
  32  2:52  Overlord  
  32  2:55  Drone  
  32  2:57  Drone  
  34  2:59  Drone  
  34  3:03  Drone  
  36  3:06  Pneumatized Carapace  
  36  3:11  Drone x2  
  38  3:13  Drone  
  38  3:15  Drone  
  38  3:19  Overlord  
  40  3:23  Drone  
  40  3:25  Drone  
  42  3:29  Queen  
  44  3:38  Drone x2  
  44  3:40  Zergling x4  
  48  3:41  Drone x2  
  48  3:45  Queen  
  52  3:52  Drone x2  
  52  3:53  Zergling x2  
  52  3:55  Overlord  
  55  3:56  Drone x2  
  55  3:59  Overlord  
  55  4:02  Zergling x2  
  58  4:10  Baneling Nest  
  58  4:12  Queen  
  58  4:14  Zergling x4, Drone  
  58  4:16  Drone x2  
  64  4:17  Drone  
  64  4:19  Drone  
  64  4:22  Overlord  
  66  4:25  Zergling x2  
  66  4:26  Drone  
  68  4:34  Spore Crawler  
  68  4:35  Lair  
  68  4:36  Overlord  
  67  4:42  Drone x5  
  67  4:43  Extractor  
  67  4:44  Extractor  
  70  4:47  Zergling x2  
  70  4:49  Drone  
  70  4:50  Drone x2  
  74  4:53  Overlord  
  74  4:54  Zergling x2  
  74  4:55  Drone x3  
  78  5:03  Drone  
  78  5:04  Drone x2  
  81  5:12  Drone x3  
  81  5:13  Extractor  
  83  5:16  Evolution Chamber  
  83  5:18  Evolution Chamber  
  83  5:20  Drone x4  
  85  5:22  Drone  
  85  5:23  Drone x2  
  85  5:26  Extractor  
  85  5:27  Overlord  
  85  5:28  Extractor  
  86  5:32  Overlord  
  86  5:34  Centrifical Hooks  
  86  5:35  Hatchery  
  85  5:45  Zerg Ground Armor Level 1  
  85  5:46  Zerg Melee Weapons Level 1  
  85  5:47  Zergling x14  
  92  5:50  Overlord  
  92  5:54  Drone  
  92  5:55  Zergling x8  
  97  5:57  Hydralisk Den  
  97  6:03  Zergling x12  
  102  6:09  Drone x2  
  102  6:11  Baneling x7  
  104  6:16  Drone x2  
  104  6:17  Overlord  
  106  6:23  Overlord  
  106  6:24  Baneling  
  106  6:25  Baneling x3  
  106  6:27  Baneling x2  
  106  6:30  Overlord  
  106  6:32  Muscular Augments  
  106  6:36  Drone x3  
  106  6:37  Drone x2  
  111  6:41  Zergling x6  
  111  6:44  Baneling x4  
  111  6:45  Baneling  
  111  6:46  Overlord  
  114  6:47  Zergling x6  
  114  6:48  Zergling x4  
  114  6:49  Queen  
  120  6:54  Zergling x4  
  120  6:58  Baneling x3  
  122  7:02  Baneling x3  
  122  7:05  Zergling x4  
  122  7:06  Zergling x8, Baneling x4  
  128  7:12  Zergling x12  
  133  7:16  Overlord  
  133  7:19  Zergling x8  
  134  7:28  Zergling x10  
  125  7:33  Zergling x8  
  123  7:46  Zergling x16, Baneling  
  123  7:47  Baneling x3  
  131  7:54  Zergling x6  
  131  7:58  Baneling x6  
  134  8:04  Zergling x4  
  135  8:07  Overlord x5  
  135  8:10  Hatchery  
  135  8:11  Baneling x7  
  129  8:19  Zergling x8  
  134  8:20  Zergling x14  
  134  8:24  Baneling x5  
  121  8:29  Zergling x6  
  121  8:32  Zergling x8  
  113  8:35  Baneling x6  
Tags
 
Add a new tag
Caveats
  • Supply blocks, unpowered buildings, or Contaminate may cause inaccurate times.
  • Supply counts are checked every 10 seconds.